 Dungeon Crawl Stone Soup version 0.25-a0-690-g234afa5 (webtiles) character file.

Game seed: 8028163341513619333, levelgen mode: deterministic

23279 robertstho the Grappler (level 12, -27/118 HPs)
             Began as a Troll Monk on Mar 30, 2020.
             Annihilated by a death yak simulacrum (37 damage)
             ... in an ice cave.
             The game lasted 00:25:45 (13670 turns).

robertstho the Grappler (Troll Monk)               Turns: 13670, Time: 00:25:46

Health: -27/118    AC:  9    Str: 37    XL:     12   Next: 70%
Magic:  11/11      EV: 13    Int:  6    God:
Gold:   892        SH: 11    Dex: 12    Spells: 11/11 levels left

rFire    . . .     SeeInvis +     - Unarmed
rCold    . . .     Gourm    +   F - +0 kite shield
rNeg     . . .     Faith    .   y - +1 robe of the Blizzard {*Drain rCorr Str+5}
rPois    .         Spirit   .   (helmet restricted)
rElec    .         Reflect  .   E - +1 cloak
rCorr    +         Harm     .   (gloves unavailable)
MR       +....                  (boots unavailable)
Stlth    +++.......             (no amulet)
HPRegen  0.69/turn              x - ring of stealth
MPRegen  0.12/turn              a - ring of Violidy {MR+ Str+6 SInv}

@: mighty, hasted, very quick
A: large, unfitting armour, claws 3, fast metabolism 3, gourmand, regeneration
1, shaggy fur 1, tough skin 3
a: no special abilities


You were in an ice cave.
You were very full.

You visited 2 branches of the dungeon, and saw 16 of its levels.
You also visited: Ice Cave.

You collected 1094 gold pieces.
You spent 202 gold pieces at shops.

Inventory:

Missiles
 m - 38 poisoned darts
 H - 9 large rocks (quivered)
Armour
 r - a +0 troll leather armour
 y - the +1 robe of the Blizzard (worn) {*Drain rCorr Str+5}
   (You bought it in a shop on level 4 of the Dungeon)

   It affects your strength (+5).
   It provides partial protection from all sources of acid and corrosion.
   It causes draining when unequipped.
 A - a +1 robe of fire resistance
 E - a +1 cloak (worn)
 F - a +0 kite shield (worn)
Jewellery
 a - the ring of Violidy (right claw) {MR+ Str+6 SInv}
   (You acquired it on level 3 of the Lair of Beasts)

   [ring of see invisible]

   It affects your strength (+6).
   It affects your resistance to hostile enchantments.
   It lets you see invisible.
 x - a ring of stealth (left claw)
Wands
 h - a wand of polymorph (29)
 s - a wand of enslavement (22)
 v - a wand of paralysis (5)
 B - a wand of acid (11)
Scrolls
 d - 2 scrolls of immolation
 e - a scroll of enchant armour {unknown}
 f - a scroll of blinking
 g - a scroll of random uselessness {unknown}
 j - 2 scrolls of amnesia {unknown}
 k - 6 scrolls of remove curse
 l - 3 scrolls of teleportation
 n - 3 scrolls of enchant weapon {unknown}
 o - 2 scrolls of fog {unknown}
 p - 3 scrolls of magic mapping {unknown}
 t - 6 scrolls of fear
 C - a scroll of vulnerability
Potions
 c - 4 potions of haste
 i - 4 potions of mutation
 q - 3 potions of lignification
 u - a potion of might
 w - a potion of cancellation
 I - a potion of magic
 L - 4 potions of ambrosia
Comestibles
 b - 35 rations
 z - 9 chunks of flesh


   Skills:
 * Level 7.2 Fighting
 + Level 1.0 Throwing
 * Level 6.8 Armour
 * Level 10.2 Dodging
 - Level 1.0 Stealth
 + Level 4.0 Shields
 + Level 13.0 Unarmed Combat


You had 11 spell levels left.
You didn't know any spells.
Your spell library contained the following spells:

 Spells                   Type           Power        Failure   Level  Hunger
 Beastly Appendage        Tmut           #.....       82%         1    ##.....
 Sticks to Snakes         Tmut           #.......     91%         2    ###....
 Spider Form              Tmut/Pois      #.........   99%         3    ####...
 Ice Form                 Ice/Tmut       #.......     100%        4    #####..
 Blade Hands              Tmut           #.........   100%        5    ######.
 Irradiate                Conj/Tmut      #.........   100%        5    ######.
 Hydra Form               Tmut           #.........   100%        6    #######
 Statue Form              Tmut/Erth      #........    100%        6    #######
 Dragon Form              Tmut           #.........   100%        7    #######


Dungeon Overview and Level Annotations

Branches:
Dungeon (11/15)            Temple (0/1) D:4            Lair (5/6) D:10
 Shoals (0/4) Lair:2        Snake (0/4) Lair:2        IceCv (1/1)
  Slime: Lair:5-6       Orc: D:9-12

Altars:
Ashenzari
Cheibriados
Elyvilon
Fedhas
Gozag
Hepliaklqana
Kikubaaqudgha
Makhleb
Okawaru
Ru
Trog
Vehumet
Wu Jian
Zin

Shops:
D:4 [   D:6 :   D:7 *   D:8 *


Innate Abilities, Weirdness & Mutations

You are too large for most types of armour.
You have claws for hands.
Your metabolism is lightning-fast.
You like to eat raw meat.
Your natural rate of healing is unusually fast.
You are covered in fur. (AC +1)
You have extremely tough skin. (AC +3)


Message History

You are too injured to fight recklessly!
You are too injured to fight recklessly!
You are too injured to fight recklessly!
You are too injured to fight recklessly!
You are too injured to fight recklessly!
You are too injured to fight recklessly!
You are too injured to fight recklessly!
Unknown command.
You feel very mighty all of a sudden.
The death yak simulacrum gores you but does no damage.
You mangle the elephant simulacrum!!
The elephant simulacrum vapourises!
The death yak simulacrum gores you! The death yak simulacrum freezes you!!
* * * LOW HITPOINT WARNING * * *
You claw the death yak simulacrum!
The death yak simulacrum is moderately damaged.
You feel yourself speed up. The death yak simulacrum gores you.
* * * LOW HITPOINT WARNING * * *
The death yak simulacrum freezes you!!!
You die...

#### ##..## #
##....### ..#
#.......##....
#.∩.∩..Z....#
#.....@ZZ..#
##....##..##
##..## ## ####


You could see 2 death yak simulacra and a polar bear simulacrum.

Vanquished Creatures
  4 hydras
  A catoblepas (Lair:4)
  The ghost of Raizusai the Slinger, a novice HaHu of Dithmenos (D:4)
  An unseen horror (D:11)
  Pikel (D:6)
  2 manticores
  A black mamba (Lair:4)
  A guardian serpent (Lair:2)
  A gargoyle (D:9)
  3 spiny frogs
  A rime drake (Lair:5)
  2 komodo dragons
  2 trolls
  8 blink frogs
  Grinder (D:6)
  7 hippogriffs
  27 yaks
  2 wyverns
  Sigmund (D:3)
  A hungry ghost (D:7)
  7 water moccasins
  Duvessa (D:4)
  7 porcupines
  4 orc warriors
  A slave (D:6)
  3 ice beasts
  3 ogres
  A phantom (D:10)
  3 sky beasts
  5 wolves (Lair:4)
  4 centaurs
  7 crocodiles
  11 bullfrogs
  Dowan (D:4)
  4 scorpions
  An elephant simulacrum (IceCv)
  10 killer bees
  7 wights
  6 howler monkeys
  2 centaur zombies
  6 crimson imps
  A bullfrog zombie (D:7)
  2 quasits
  A jelly (D:7)
  3 orc priests (D:7)
  A bullfrog skeleton (D:8)
  2 centaur skeletons
  4 hounds
  7 orc wizards
  6 iguanas
  Ijyb (D:4)
  9 worker ants
  3 hound skeletons
  A howler monkey zombie (D:7)
  7 adders
  A shadow imp (D:7)
  An ooze (D:5)
  2 adder skeletons
  3 worms
  A dart slug (D:1)
  5 leopard geckos
  34 orcs
  10 giant cockroaches
  7 goblins
  9 hobgoblins
  13 jackals
  6 kobolds
  7 quokkas
  2 ball pythons
  10 bats
  10 frilled lizards
  2 leopard gecko skeletons
  2 quokka skeletons
  6 rats
341 creatures vanquished.

Vanquished Creatures (others)
  An iguana (D:6)
  3 fungi (Lair:3)
  3 plants
7 creatures vanquished.

Grand Total: 348 creatures vanquished

Notes
Turn   | Place    | Note
-------+----------+-------------------------------------------
     0 | D:1      | robertstho the Troll Monk began the quest for the Orb.
     0 | D:1      | Reached XP level 1. HP: 22/22 MP: 0/0
   170 | D:1      | Reached XP level 2. HP: 23/29 MP: 1/1
   724 | D:2      | Reached XP level 3. HP: 36/36 MP: 2/2
  1075 | D:2      | Found a sacrificial altar of Ru,
  1077 | D:2      | Reached XP level 4. HP: 39/44 MP: 3/3
  1195 | D:2      | Reached skill level 1 in Armour
  1312 | D:2      | Found a glowing silver altar of Zin,
  1686 | D:3      | Reached XP level 5. HP: 45/53 MP: 4/4
  1748 | D:3      | Found a white marble altar of Elyvilon,
  1887 | D:3      | Reached skill level 4 in Unarmed Combat
  2005 | D:3      | Noticed Sigmund
  2009 | D:3      | Killed Sigmund
  2009 | D:3      | Reached XP level 6. HP: 50/61 MP: 5/5
  2162 | D:4      | Noticed Duvessa
  2162 | D:4      | Noticed Dowan
  2171 | D:4      | Killed Duvessa
  2171 | D:4      | Reached skill level 5 in Unarmed Combat
  2173 | D:4      | Killed Dowan
  2258 | D:4      | Found Deet Dupp's Armour Shop,
  2281 | D:4      | Found a staircase to the Ecumenical Temple,
  2392 | D:4      | Reached XP level 7. HP: 67/67 MP: 6/6
  2452 | D:4      | Found a bloodstained altar of Trog,
  2528 | D:4      | Noticed Ijyb
  2535 | D:4      | Killed Ijyb
  2597 | D:4      | Found a runed translucent door,
  2677 | D:4      | Noticed Raizusai's ghost (novice HaHu)
  2844 | D:4      | Killed Raizusai's ghost
  2844 | D:4      | Reached skill level 5 in Dodging
  2844 | D:4      | Reached skill level 6 in Unarmed Combat
  2844 | D:4      | Reached XP level 8. HP: 48/78 MP: 7/7
  2903 | D:5      | Entered Level 5 of the Dungeon
  3169 | D:4      | Bought the cursed +1 robe of the Blizzard {*Drain rCorr
                  | Str+5} for 202 gold pieces
  3248 | D:5      | Reached skill level 7 in Unarmed Combat
  4259 | D:6      | Reached XP level 9. HP: 84/85 MP: 8/8
  4310 | D:6      | Noticed Pikel
  4320 | D:6      | Killed Pikel
  4320 | D:6      | Reached skill level 8 in Unarmed Combat
  4339 | D:6      | Found a shattered altar of Ashenzari,
  4393 | D:6      | Found Noett's Book Shop,
  4596 | D:6      | Noticed Grinder
  4600 | D:6      | Killed Grinder
  4608 | D:6      | Found a snail-covered altar of Cheibriados,
  4783 | D:7      | Reached skill level 9 in Unarmed Combat
  5057 | D:7      | Reached skill level 5 in Fighting
  5070 | D:7      | Found a burning altar of Makhleb,
  5202 | D:7      | Found Tistrorgh's Assorted Antiques,
  5320 | D:7      | Found a radiant altar of Vehumet,
  5519 | D:7      | Reached XP level 10. HP: 96/96 MP: 9/9
  5565 | D:7      | HP: 4/96 [wight/cursed +4 long sword (11)]
  5766 | D:7      | Reached skill level 10 in Unarmed Combat
  5961 | D:7      | Found a hazy altar of Hepliaklqana,
  5961 | D:7      | Found an ornate altar of the Wu Jian Council,
  6090 | D:8      | Noticed a manticore
  6098 | D:8      | Killed a manticore
  6153 | D:8      | Found an opulent altar of Gozag,
  6230 | D:8      | Found Gozag's Platinum Reserve,
  6388 | D:8      | Reached skill level 1 in Shields
  6828 | D:9      | Found an iron altar of Okawaru,
  7152 | D:9      | Found a bloodstained altar of Trog,
  7231 | D:9      | Reached skill level 5 in Armour
  7331 | D:9      | Found a blossoming altar of Fedhas,
  7331 | D:9      | Found an ancient bone altar of Kikubaaqudgha,
  7367 | D:9      | Noticed a gargoyle
  7375 | D:9      | Killed a gargoyle
  7788 | D:10     | Entered Level 10 of the Dungeon
  7938 | D:10     | Reached XP level 11. HP: 97/105 MP: 10/10
  7967 | D:10     | Reached skill level 11 in Unarmed Combat
  8235 | D:10     | Found a staircase to the Lair,
  8860 | D:11     | Killed an unseen horror
  8990 | Lair:1   | Entered Level 1 of the Lair of Beasts
 10206 | Lair:2   | Noticed a five-headed hydra
 10215 | Lair:2   | Killed a nine-headed hydra
 10217 | Lair:2   | Reached skill level 12 in Unarmed Combat
 10219 | Lair:2   | Found a staircase to the Shoals,
 10636 | Lair:2   | Reached XP level 12. HP: 115/115 MP: 11/11
 10734 | Lair:2   | Found a staircase to the Snake Pit,
 11031 | Lair:3   | Noticed a seven-headed hydra
 11037 | Lair:3   | Noticed an eight-headed hydra
 11081 | Lair:3   | Identified a scroll of acquirement
 11082 | Lair:3   | Identified the ring of Violidy {MR+ Str+6 SInv} (You
                  | acquired it on level 3 of the Lair of Beasts)
 11097 | Lair:3   | Killed an eight-headed hydra
 11998 | Lair:3   | Killed a ten-headed hydra
 12684 | Lair:4   | Noticed a catoblepas
 12696 | Lair:4   | Killed a catoblepas
 12706 | Lair:4   | Reached skill level 1 in Throwing
 13074 | Lair:4   | Reached skill level 10 in Dodging
 13589 | Lair:5   | Noticed a six-headed hydra
 13592 | Lair:5   | Killed a six-headed hydra
 13592 | Lair:5   | Reached skill level 13 in Unarmed Combat
 13633 | Lair:5   | Noticed a six-headed hydra
 13647 | Lair:5   | Found a frozen archway,
 13662 | IceCv    | Entered an ice cave
 13670 | IceCv    | Annihilated by a death yak simulacrum

Levels and vault maps discovered:
D:1:      scummos_arrival_gate, layout_loops_ring, amethyst_killhole,
          minmay_lizard_pond
D:2:      layout_basic, zin_statuary, nicolae_ru_great_annihilating_truth
D:3:      layout_basic, elyvilon_altar_1, uniq_sigmund
D:4:      layout_loops_ring, temple_fountains, first_ration, serial_shops,
          kennysheep_mini, ebering_ghost_reflecting_pool, trog_hazing_becter,
          uniq_duvessa, uniq_ijyb
D:5:      cheibrodos_fzero, layout_basic
D:6:      layout_basic, nicolae_overflow_hidden_temple,
          nicolae_overflow_crystal_walls, serial_shops, nicolae_shop_stone,
          chequers_garden, uniq_grinder, uniq_pikel
D:7:      minmay_skewed_foursquare, layout_loops_corners, minitemple,
          old_standard_altar, lemuel_coloured_pillars_altar, serial_shops,
          nicolae_shop_overgrown_old_shop
D:8:      layout_basic, nicolae_gozag_zags_fifth_avenue, grunt_ogre_cave
D:9:      layout_stronghold, grunt_temple_overflow_growth_and_decay,
          okawaru_ov_weapons_minmay, trog_book
D:10:     layout_basic, lair_entry_dummy
D:11:     layout_grid_maze, david_orc_2, uniq_sonja
Lair:1:   layout_big_grid, grunt_megastairs_2, lemuel_fruit_fields
Lair:2:   layout_big_grid, minmay_shoals_entry_beasts,
          minmay_snake_entry_spellcaster, minivault_26, lemuel_fruit_fields
Lair:3:   layout_regular_city, chequers_serial_rivers_micro_a
Lair:4:   layout_roguey, grunt_megastairs_5
Lair:5:   layout_cave_pods, portal_ice_cave_entry_pillars_1
IceCv:    ice_cave_small_necro

Skill      XL: |  1  2  3  4  5  6  7  8  9 10 11 12 |
---------------+-------------------------------------+-----
Dodging        | 3 4 5 6 7 8 9 10 | 10.2
Fighting       | 3 4 5 6 7 |  7.2
Armour         | 1 2 3 4 5 6 |  6.8
Unarmed Combat | 4 5 6 7 9 10 12 13 | 13.0
Shields        | 1 3 4 |  4.0
Throwing       | 1 |  1.0
Stealth        | |  1.0

Action                   |  1- 3 |  4- 6 |  7- 9 | 10-12 || total
-------------------------+-------+-------+-------+-------++-------
Melee: Unarmed           |   109 |   124 |   263 |   619 ||  1115
       Punch             |     2 |     2 |     8 |       ||    12
Throw: Large rock        |       |       |       |    16 ||    16
       Dart              |       |       |       |     1 ||     1
  Use: Scroll            |       |     3 |     3 |    17 ||    23
       Potion            |       |       |       |     9 ||     9
 Stab: Sleeping          |     1 |     4 |     4 |     8 ||    17
       Distracted        |       |       |       |     2 ||     2
  Eat: Chunk             |    15 |    13 |    28 |    71 ||   127
       Ration            |       |       |       |     1 ||     1
Armor: Robe              |    76 |    42 |    84 |   174 ||   376
       Skin              |       |     3 |       |       ||     3
Dodge: Dodged            |    79 |    70 |   137 |   300 ||   586
Block: Kite shield       |       |       |     8 |   286 ||   294

Table legend:
 A = Non-vault XP
 B = Vault XP
 C = Vault XP percentage of total XP
 D = Non-vault monster count
 E = Vault monster count
 F = Vault count percentage of total count
                 A         B        C        D         E       F
            +---------+---------+-------+---------+---------+-------
      Total |   26932 |    6324 |  19.0 |     286 |      54 |  15.9
            +---------+---------+-------+---------+---------+-------
        D:1 |      36 |       4 |  10.0 |      21 |       4 |  16.0
        D:2 |      87 |      57 |  39.6 |      29 |       4 |  12.1
        D:3 |      58 |     197 |  77.3 |      20 |       1 |   4.8
        D:4 |     155 |     995 |  86.5 |       7 |      10 |  58.8
        D:5 |     390 |     541 |  58.1 |      10 |      14 |  58.3
        D:6 |     501 |     869 |  63.4 |      19 |       2 |   9.5
        D:7 |    1945 |     139 |   6.7 |      40 |       4 |   9.1
        D:8 |    1588 |     118 |   6.9 |      21 |       1 |   4.5
        D:9 |    2337 |       0 |   0.0 |      27 |       0 |   0.0
       D:10 |    3269 |     820 |  20.1 |      27 |       4 |  12.9
       D:11 |    1008 |       0 |   0.0 |       2 |       0 |   0.0
     Lair:1 |    1528 |     716 |  31.9 |       9 |       4 |  30.8
     Lair:2 |    4170 |    1246 |  23.0 |      19 |       3 |  13.6
     Lair:3 |    3400 |       0 |   0.0 |       9 |       0 |   0.0
     Lair:4 |    4131 |     559 |  11.9 |      20 |       2 |   9.1
     Lair:5 |    2329 |       0 |   0.0 |       6 |       0 |   0.0
      IceCv |       0 |      63 | 100.0 |       0 |       1 | 100.0
            +---------+---------+-------+---------+---------+-------
